AoeStats
← TardySanguine

Marketplace

506270877Analyzed
1v1 RM · 20d ago on Sep 13, 2026· 45m 31s· 2 players
Game mode
Random Map
Map size
Tiny (2 player)
Population
200
Speed
Normal
Resources
Standard
Victory
Conquest
Starting age
Dark Age
Ending age
Imperial Age
RankedLock teamsTeams togetherTeam positionsShared explorationLock speedFull tech treeHidden civsTurbo modeCheats
Victory
Defeat
🇦🇺 Hindustanis · Australia
444
+19
🇨🇱 Lithuanians · Chile
499
-19
TardySanguine
4:12 Loom
11:00 Feudal Age
11:27 Double-Bit Axe
21:55 Castle Age
22:46 Pikeman
22:57 Crossbowman
27:52 Horse Collar
33:55 Imperial Age
31:21 Town Watch
32:26 Wheelbarrow
34:48 Hand Cart
35:50 Chemistry
34:57 Light Cavalry
35:42 Husbandry
35:53 Bloodlines
37:06 Stone Mining
37:07 Gold Mining
38:18 Heavy Camel Rider
39:05 Squires
38:50 Arson
39:26 Caravan
41:33 Grand Trunk Road
42:17 Shatagni
LordG
12:43 Feudal Age
17:51 Castle Age
19:43 Horse Collar
22:46 Double-Bit Axe
27:59 Forging
29:04 Bloodlines
29:51 Heavy Plow
31:33 Husbandry
35:54 Imperial Age
34:00 Husbandry
38:10 Bow Saw
37:52 Elite Skirmisher
39:57 Illumination
40:02 Thumb Ring
41:05 Chemistry
40:05 Fletching
40:51 Iron Casting
40:29 Cavalier
41:48 Sanctity
43:55 Wheelbarrow
Connection lost

Rejoining the realm…

Still unreachable

The connection could not be restored.

Session expired

The server has moved on; the page needs a fresh start.